 Dungeon Sprint DCSS version 0.20-a0-785-g17250f0 (webtiles) character file.

700000 Kidiri the Spry (level 11, -62/76 HPs)
             Began as a Deep Elf Fire Elementalist on Feb 27, 2017.
             Annihilated by a meat berserker
             ... wielding a +9 battleaxe
              (63 damage)
             ... in the Dungeon (Sprint VIII: "Arena of Blood").
             The game lasted 00:00:43 (7 turns).

Kidiri the Spry (Deep Elf Fire Elementalist)           Turns: 7, Time: 00:00:44

Health: -62/76     AC:  3    Str:  8    XL:     11   Next: 71%
Magic:  6/17       EV: 24    Int: 21    God:
Gold:   0          SH:  0    Dex: 15    Spells: 15/16 levels left

rFire    . . .     SeeInvis .   j - +∞ Axe of Woe
rCold    . . .     Gourm    .   a - +0 robe
rNeg     . . .     Faith    .   (shield currently unavailable)
rPois    .         Spirit   .   (no helmet)
rElec    .         Reflect  .   (no cloak)
rCorr    .         Harm     .   (no gloves)
MR       +....     NoTele   +   (no boots)
Stlth    ++........             (no amulet)
Regen    0.3/turn               (no ring)
MPRegen  0.2/turn               (no ring)

@: no status effects
A: no striking features
a: no special abilities


You were in the Dungeon.
You were not hungry.

You visited 1 branch

Inventory:

Hand Weapons
 j - the +∞ Axe of Woe (weapon)
   (You found it in the Dungeon)
Armour
 a - a +0 robe (worn)
Scrolls
 i - a scroll of blinking
Potions
 d - a potion of curing
 e - a potion of heal wounds
 f - a potion of haste
 g - 2 potions of magic
 h - a potion of berserk rage
Books
 b - a book of Flames

   Spells                             Type                      Level
   a - Flame Tongue                   Conjuration/Fire             1
   b - Throw Flame                    Conjuration/Fire             2
   c - Conjure Flame                  Conjuration/Fire             3
   d - Inner Flame                    Hexes/Fire                   3
   e - Sticky Flame                   Conjuration/Fire             4
   f - Fireball                       Conjuration/Fire             5
Comestibles
 c - a bread ration


   Skills:
 + Level 12.5 Fighting
 + Level 12.4 Axes
 + Level 12.5 Armour
 + Level 17.0 Dodging
 - Level 2.4 Stealth
 - Level 3.0 Spellcasting
 - Level 1.1 Conjurations
 - Level 3.2 Fire Magic


You had 15 spell levels left.
You knew the following spells:

 Your Spells              Type           Power        Failure   Level  Hunger
a - Flame Tongue          Conj/Fire      ##...        8%          1    None


Dungeon Overview and Level Annotations

Branches:
Dungeon (1/1)

Altars:
Makhleb


Message History

Your experience leads to an increase in your attributes!
Increase (S)trength, (I)ntelligence, or (D)exterity?
You feel stronger.
You have reached level 7!
You have reached level 8!
You feel clever.
You have reached level 9!
Your experience leads to an increase in your attributes!
Increase (S)trength, (I)ntelligence, or (D)exterity?
You feel stronger.
You have reached level 10!
You have reached level 11!
You hear a shout! x7
The meat berserker hits you with a +9 battleaxe!!!!
Ouch! That really hurt!
* * * LOW HITPOINT WARNING * * *
You hear a shout! x6
The meat berserker hits you with a +9 battleaxe!!!
Ouch! That really hurt!
You die...

.......... ...
.......... ...
o........ ....
#.......# .#.o.
#.......#
....o###.... ..###.
..........###......
..#..oO...._......
#......@#.....#..
......).#_.<._#
#.......#.....#
..#........_.....
..........###......
.....###... ..###.
..... #... ..#
..... #... .# .. ..


You could see a meat berserker (berserk) and 3 bags of meat.

Vanquished Creatures
  An orc (D)
1 creature vanquished.

Notes
Turn   | Place    | Note
-------+----------+-------------------------------------------
     0 | D        | Kidiri the Deep Elf Fire Elementalist began the quest for the Orb.
     0 | D        | Reached XP level 1. HP: 10/10 MP: 6/6
     4 | D        | Noticed a bag of meat
     5 | D        | Noticed a bag of meat
     5 | D        | Noticed a bag of meat
     5 | D        | Noticed a bag of meat
     7 | D        | Noticed a bag of meat
     7 | D        | Noticed a meat berserker
     7 | D        | Killed a bag of meat
     7 | D        | Reached skill level 17 in Dodging
     7 | D        | Reached XP level 2. HP: 31/31 MP: 6/8
     7 | D        | Reached XP level 3. HP: 36/36 MP: 6/9
     7 | D        | Reached XP level 4. HP: 41/41 MP: 6/10
     7 | D        | Reached XP level 5. HP: 46/46 MP: 6/11
     7 | D        | Reached XP level 6. HP: 52/52 MP: 6/12
     7 | D        | Reached XP level 7. HP: 56/56 MP: 6/13
     7 | D        | Reached XP level 8. HP: 62/62 MP: 6/14
     7 | D        | Reached XP level 9. HP: 66/66 MP: 6/15
     7 | D        | Reached XP level 10. HP: 72/72 MP: 6/16
     7 | D        | Reached XP level 11. HP: 76/76 MP: 6/17
     7 | D        | HP: 1/76 [meat berserker/+9 battleaxe (75)]
     7 | D        | Annihilated by a meat berserker

Vault maps used:
D:        meatsprint

Skill      XL: |  1 |
---------------+----+-----
Fighting       | 12 | 12.5
Axes           | 12 | 12.4
Armour         | 12 | 12.5
Dodging        | 17 | 17.0
Stealth        | |  2.4
Spellcasting   | |  3.0
Conjurations   | |  1.1
Fire Magic     | |  3.2

Action                   |  1- 3 |  4- 6 |  7- 9 | 10-12 || total
-------------------------+-------+-------+-------+-------++-------
Melee: Executioner's axe |     1 |       |       |       ||     1
 Cast: Flame Tongue      |     1 |       |       |       ||     1
